 Dungeon Crawl Stone Soup version 0.18.1-8-gdd0e5ea (webtiles) character file.

1252754 Shtopit the Swordmaster (level 27, -3/367 HPs)
             Began as a Centaur Fighter on May 30, 2016.
             Was the Champion of the Shining One.
             Slain by a daeva
             ... wielding a +3 eudemon blade of holy wrath
              (11 damage)
             ... in Pandemonium on May 31, 2016.
             The game lasted 11:29:07 (149062 turns).

Shtopit the Swordmaster (Centaur Fighter)         Turns: 149062, Time: 11:29:08

Health: -3/367     AC: 58    Str: 39    XL:     27
Magic:  47/47      EV: 16    Int: 11    God:    the Shining One [******]
Gold:   12044      SH: 30    Dex: 22    Spells: 10 memorised, 0 levels left

rFire  + + +     SeeInvis .     a - +9 double sword (holy)
rCold  + + +     Gourm    .     m - +10 gold dragon armour
rNeg   + + +     Faith    .     A - +0 large shield
rPois  +         Spirit   .     M - +2 hat
rElec  .         Dismiss  .     s - +5 cloak of Idealism {+Blink rC+ Str+3 Slay+3}
rCorr  .         Reflect  .     g - +2 pair of gloves {Dex+3}
SustAt .         Harm     .     q - +4 centaur barding {Stlth+}
MR     ++...     Rnd*Rage +     n - amulet "Ablant" {+Rage rPois Int+4} (curse)
Stlth  ..........               z - ring "Qoill" {rF+ rC+ Str+4 Slay+3}
                                L - ring of Soixta {rF+ MP+9 Str+3 Dex+4}

@: berserking, glowing, very quick, very resistant to hostile enchantments,
extremely unstealthy
A: hooves 3, horns 1, repulsion field 1, berserk 1, blurry vision 1, clumsy 1,
deformed body, deterioration 2, speed 2, frail 1, tough skin 3, no device heal 1
a: Divine Shield, Cleansing Flame, Summon Divine Warrior, Renounce Religion,
Evoke Blink, Evoke Berserk Rage
}: 10/15 runes: decaying, serpentine, slimy, silver, iron, obsidian, icy, bone,
abyssal, demonic


You were in Pandemonium.
You worshipped the Shining One.
The Shining One was exalted by your worship.
You were not hungry.

You visited 18 branches of the dungeon, and saw 90 of its levels.
You visited Pandemonium 1 time, and saw 11 of its levels.
You visited the Abyss 4 times.
You also visited: Labyrinth and Volcano.

You collected 13604 gold pieces.
You spent 1560 gold pieces at shops.

Inventory:

Hand Weapons
 a - a +9 double sword of holy wrath (weapon)
 y - a cursed +3 scimitar of flaming
 E - the cursed +5 hand crossbow of the Scroll {freeze, rPois rC+ Str+2}
   (You found it on level 4 of the Abyss)

   It causes projectiles fired from it to freeze those they strike, causing
   extra injury to most foes and up to half again as much damage against
   particularly susceptible opponents.
   They can also slow down cold-blooded creatures.
   It affects your strength (+2).
   It protects you from cold.
   It protects you from poison.
   It has a curse placed upon it.
Missiles
 Q - 2365 bolts
Armour
 g - a +2 pair of gloves of dexterity (worn)
 m - a +10 gold dragon armour (worn)
 q - a +4 centaur barding of stealth (worn)
 s - the +5 cloak of Idealism (worn) {+Blink rC+ Str+3 Slay+3}
   (You found it on level 7 of the Lair of Beasts)

   It affects your strength (+3).
   It affects your accuracy and damage with ranged weapons and melee attacks
   (+3).
   It protects you from cold.
   It lets you blink.
 A - a +0 large shield (worn)
 D - the +10 plate armour of the Devil {Regen+}
   (You acquired it on level 5 of the Depths)

   It increases your rate of regeneration.
 M - a +2 hat (worn)
Rods
 b - a +6 rod of shadows (13/13)
   (You found it on level 7 of Tartarus)
Jewellery
 e - the ring of Autotheism {rElec rC+ rN+ Str-5 Dex+6}
   (You found it on level 3 of the Crypt)

   [ring of positive energy]

   It affects your strength (-5).
   It affects your dexterity (+6).
   It protects you from cold.
   It insulates you from electricity.
   It protects you from negative energy.
 n - the cursed amulet "Ablant" (around neck) {+Rage rPois Int+4}
   (You found it on level 3 of the Elven Halls)

   [amulet of rage]

   It affects your intelligence (+4).
   It protects you from poison.
   It lets you go berserk.
   It has a curse placed upon it.
 u - an uncursed ring of resist corrosion
 w - the amulet of the Four Winds {rN+ MR+++ Clar}
   (You took it off a deep elf elementalist on level 3 of the Elven Halls)

   [amulet of nothing]

   It protects you from negative energy.
   It affects your resistance to hostile enchantments.
   It protects you against confusion.
 x - an uncursed ring of sustain attributes
 z - the ring "Qoill" (right hand) {rF+ rC+ Str+4 Slay+3}
   (You took it off a tengu reaver on level 5 of the Vaults)

   [ring of protection from fire]

   It affects your strength (+4).
   It affects your accuracy and damage with ranged weapons and melee attacks
   (+3).
   It protects you from fire.
   It protects you from cold.
 L - the ring of Soixta (left hand) {rF+ MP+9 Str+3 Dex+4}
   (You took it off a tengu conjurer on level 2 of the Depths)

   [ring of protection from fire]

   It affects your strength (+3).
   It affects your dexterity (+4).
   It protects you from fire.
   It affects your magic capacity (+9).
 T - the amulet "Qesyir" {Dismiss Str+4 Dex+4}
   (You found it on level 7 of the Iron City of Dis)

   [amulet of dismissal]

   It may teleport away creatures that harm you.
   It affects your strength (+4).
   It affects your dexterity (+4).
Wands
 d - a wand of digging (8/24)
 v - a wand of disintegration (10/24)
 C - a wand of hasting (4/9)
 F - a wand of teleportation (8/9)
 G - a wand of lightning (2/15)
 O - a wand of teleportation (8/9)
 R - a wand of heal wounds (4/9)
 S - a wand of heal wounds (6/9)
Scrolls
 c - 12 scrolls of recharging
 h - 33 scrolls of remove curse
 j - 13 scrolls of fear
 l - 7 scrolls of magic mapping
 t - 12 scrolls of teleportation
 H - 12 scrolls of amnesia
 N - 4 scrolls of identify
 P - 7 scrolls of immolation
 V - 5 scrolls of fog
 W - 7 scrolls of blinking
 X - 3 scrolls of holy word
Potions
 i - 6 potions of agility
 o - 22 potions of curing
 p - 2 potions of cure mutation
 r - a potion of resistance
 B - 2 potions of might
 I - 6 potions of magic
 J - 7 potions of flight
 U - 3 potions of cancellation
 Y - 3 potions of haste
Miscellaneous
 K - an ornate deck of summoning {Repulsiveness}
 Z - a disc of storms
Comestibles
 f - 42 bread rations
 k - 21 meat rations


   Skills:
 O Level 27 Fighting
 O Level 27 Long Blades
 + Level 6.5 Crossbows
 + Level 4.8 Throwing
 * Level 25.4 Armour
 + Level 12.9 Dodging
 - Level 2.0 Stealth
 O Level 27 Shields
 - Level 19.8 Invocations
 * Level 22.4 Evocations


You couldn't memorise any spells.
You knew the following spells:

 Your Spells              Type           Power        Failure   Level  Hunger
a - Slow                  Hex            #.......     99%         2    ###....
b - Spectral Weapon       Hex/Chrm       #.......     100%        3    ####...
c - Gell's Gravitas       Hex/Tloc       #.........   100%        3    ####...
d - Cause Fear            Hex            #.........   100%        4    #####..
e - Silence               Hex/Air        #.........   100%        5    ######.
f - Apportation           Tloc           #.........   97%         1    ##.....
g - Tukima's Dance        Hex            #.......     100%        3    ####...
h - Repel Missiles        Chrm/Air       #.....       99%         2    ###....
i - Swiftness             Chrm/Air       #.......     99%         2    ###....
j - Infusion              Chrm           #...         97%         1    ##.....


Dungeon Overview and Level Annotations

Branches:
Dungeon (15/15)            Temple (1/1) D:5            Lair (8/8) D:9
  Swamp (4/4) Lair:4        Snake (4/4) Lair:4        Slime (6/6) Lair:8
    Orc (2/2) D:9             Elf (3/3) Orc:2        Vaults (5/5) D:13
  Crypt (3/3) Vaults:2       Tomb (1/3) Crypt:3      Depths (5/5) D:15
   Hell (1/1)                 Dis (7/7) Hell            Geh (7/7) Hell
    Coc (7/7) Hell            Tar (7/7) Hell            Zot (4/5) Depths:5

Altars:
Ashenzari
Cheibriados
Elyvilon
Fedhas
Kikubaaqudgha
Pakellas
Qazlal
Sif Muna
Trog
Vehumet
Xom
Yredelemnul
Zin
The Shining One
Jiyva

Shops:
D:5 }   D:12 }[:((   D:14 [   D:15 [   Orc:2 %!:(   Snake:2 !   Snake:3 :
Vaults:1 [%   Depths:3 =   Depths:4 %   Depths:5 [

Portals:
Hell: Depths:1 Depths:2 Depths:3 Depths:4 Depths:5
Abyss: Depths:2 Depths:4
Pandemonium: Depths:1 Depths:3

Annotations:
Lair:1 exclusion: oklob plant
Snake:4 exclusion: Roxanne, Roxanne


Innate Abilities, Weirdness & Mutations

You have hooves in place of feet.
Armour fits poorly on your strangely shaped body.
You cover ground very quickly.
You have extremely tough skin (AC +3).
You have a pair of small horns on your head.
You are surrounded by a mild repulsion field (EV +2).
You tend to lose your temper in combat.
Scrolls take you a little longer to read.
You are clumsy. (Dex -2)
Your body often deteriorates upon taking damage.
You are frail (-10% HP).
Potions and wands are less effective at restoring your health.


Message History

Zapping:
R - a wand of heal wounds (5/9)
Press: ? - help, Shift-Dir - straight line, f - you You feel much better.
This wand has 4 charges left.
The daeva no longer looks unusually strong.
The daeva calls down the wrath of Zin upon you.
Zin smites you!
* * * LOW HITPOINT WARNING * * *
Read which item? (? for menu, Esc to quit)
Really read with blurry vision while enemies are nearby?
Okay, then.
A red film seems to cover your vision as you go berserk!
You feel yourself moving faster!
You feel mighty! You block the daeva's attack.
The daeva hits you but does no damage. You block the daeva's attack.
The daeva barely misses you. The daeva blocks your attack.
You kick the daeva, but do no damage. The daeva blocks your attack.
You block the daeva's attack. x2
The daeva blocks your attack.
You kick the daeva.
The daeva is lightly wounded.
The daeva hits you with an eudemon blade of holy wrath!
You die...

#......
##......
#!._...###
#.......
#......#######
#[.....#.....!
#.A#.....#
#A@A.# ######


You could see 3 daevas.

Vanquished Creatures
  Antaeus (Coc:7)
  Asmodeus (Geh:7)
  the Royal Jelly (Slime:6)
  Dissolution (Slime:3)
  Ereshkigal (Tar:7)
  the Serpent of Hell (Tar:7)
  Dispater (Dis:7)
  An orb of fire (Zot:3)
  Mennas (Tomb:1)
  2 juggernauts
  An ancient lich (Tar:5)
  Sojobo (Depths:5)
  Boris (Vaults:3)
  27 shard shrikes
  Norris (Snake:3)
  The ghost of Kilrog the Gargoyle Barricade, a legendary GrFi of Ashenzari (Dis:7)
  Vashnia (Snake:2)
  3 greater mummies (Tomb:1)
  2 curse toes
  Geryon (Hell)
  4 golden dragons
  2 caustic shrikes
  A profane servitor (Crypt:3)
  9 pandemonium lords (Pan)
  9 iron giants
  Nikola (Depths:1)
  49 Tzitzimimeh
  24 bone dragons
  36 Brimstone Fiends
  17 doom hounds
  Jorgrun (Swamp:3)
  A hellephant (Hell)
  2 electric golems (Zot:3)
  9 liches
  15 Hell Sentinels
  A shard shrike zombie (Crypt:1)
  46 Ice Fiends
  15 tentacled monstrosities
  Rupert (Lair:7)
  Asterion (Depths:2)
  5 quicksilver dragons
  5 titans
  A quicksilver dragon (shapeshifter) (Vaults:5)
  4 deep elf blademasters
  The ghost of manyhoops the Shatterer, an adept OgBe of Trog (D:15)
  28 acid blobs
  13 tentacled starspawn
  3 deep elf master archers (Elf:3)
  8 death cobs
  9 Executioners
  16 sphinxes
  6 eldritch tentacles
  Kirke (Lair:8)
  9 ancient champions
  3 thorn hunters
  21 shadow dragons
  9 tengu reavers
  5 draconian monks
  Agnes (Snake:1)
  11 storm dragons
  11 azure jellies
  2 daevas (Pan)
  Donald (Orc:2)
  4 revenants
  7 frost giants
  9 iron dragons
  17 fire giants
  Aizul (Swamp:4)
  4 draconian scorchers
  13 greater nagas
  A caustic shrike zombie (Crypt:3)
  11 vault wardens
  An orc warlord (Orc:2)
  24 balrugs
  Maud (Lair:4)
  3 ghost moths
  16 deep elf sorcerers
  4 draconian zealots
  5 draconian knights
  28 very ugly things
  15 cacodemons
  7 warmongers (Pan)
  117 reapers
  3 curse skulls
  2 spriggan defenders
  7 ghouls
  5 draconian annihilators
  4 deep elf elementalists
  2 draconian shifters
  An ophan (Abyss:4)
  30 war gargoyles
  16 ironheart preservers
  5 elemental wellsprings
  41 stone giants
  3 draconian callers
  6 blood saints (Pan)
  10 corrupters (Pan)
  18 lorocyprocas
  6 black draconians
  6 vampire knights
  6 black suns (Pan)
  5 chaos champions (Pan)
  6 deep elf demonologists (Elf:3)
  4 green draconians
  The ghost of Northaan the Impaler, a journeyman MfGl of Qazlal (Lair:5)
  22 salamander stormcallers
  9 deep elf annihilators
  10 purple draconians
  8 yellow draconians
  14 spark wasps
  A dire elephant (shapeshifter) (Elf:3)
  6 mottled draconians
  10 deep elf death magi
  5 red draconians
  5 white draconians
  3 eidola
  17 blizzard demons
  16 green deaths
  26 death oozes
  14 ettins
  Josephine (Orc:1)
  12 fire dragons
  26 vault guards
  22 jiangshi
  8 deep elf high priests
  A minotaur (Lab)
  16 quicksilver dragon zombies
  A spectral kraken (Tar:7)
  17 yaktaur captains
  8 mummy priests
  40 ice dragons
  14 great orbs of eyes
  7 quicksilver dragon skeletons
  7 entropy weavers
  Fannar (D:10)
  23 hydras
  5 catoblepae
  6 kraken zombies
  2 spriggan air magi
  9 rakshasas
  An ice dragon (shapeshifter) (Vaults:5)
  4 ghost crabs
  4 hell beasts
  8 monstrous demonspawn (Pan)
  12 naga warriors
  15 ogre magi
  3 death knights
  29 dancing weapons
  14 centaur warriors
  An alligator (shapeshifter) (Vaults:4)
  2 tengu warriors
  15 anacondas
  18 death yaks
  8 alligators
  A hell hog (shapeshifter) (D:13)
  10 deep troll shamans
  9 vampire magi
  31 thrashing horrors
  14 titan zombies
  13 deep troll earth magi
  54 hell hogs
  Urug (Lair:1)
  3 orc high priests (Orc:2)
  3 spriggan berserkers
  6 holy swine (Pan)
  8 shock serpents
  15 naga sharpshooters
  25 deep elf knights
  12 storm dragon zombies
  93 hell knights
  37 sun demons
  49 soul eaters
  22 iron golems
  11 titan skeletons
  4 salamander mystics
  14 wretched stars
  10 iron trolls
  A fire crab (shapeshifter) (Vaults:1)
  8 shadow wraiths
  3 unseen horrors
  A cherub (Pan)
  10 golden dragon zombies
  A death scarab (Tomb:1)
  8 spatial maelstroms
  A death drake (Abyss:3)
  20 anaconda zombies
  344 skeletal warriors
  7 storm dragon skeletons
  6 naga ritualists
  4 infernal demonspawn (Pan)
  27 deep trolls
  6 ghost moth zombies
  5 giant orange brains
  12 deep elf archers
  10 gelid demonspawn (Pan)
  4 putrid demonspawn (Pan)
  2 shambling mangroves
  28 flayed ghosts
  10 swamp dragons
  28 shadow demons
  An obsidian statue (D:12)
  15 shadow dragon zombies
  29 necromancers
  33 phantasmal warriors
  A lindwurm (shapeshifter) (Depths:2)
  An orange crystal statue (Vaults:1)
  10 anaconda skeletons
  2 anubis guards (shapeshifter)
  8 harpies
  6 hill giants
  11 torturous demonspawn
  14 ironbrand convokers
  An anubis guard (Tomb:1)
  9 wolf spider zombies
  An orb spider (shapeshifter) (Vaults:3)
  8 mana vipers
  4 cyclopes
  19 orc knights
  A mana viper (shapeshifter) (Abyss:4)
  3 golden dragon skeletons
  5 wizards
  2 wolf spiders (Vaults:3)
  14 frost giant zombies
  19 fire giant zombies
  2 hornets
  45 ugly things
  7 orc sorcerers
  11 stone giant zombies
  7 iron dragon zombies
  A hell hog zombie (Crypt:1)
  55 salamanders
  5 shadow dragon skeletons
  6 griffons
  45 deep elf magi
  9 shining eyes
  22 sixfirhies
  7 worldbinders (Abyss:4)
  6 iron dragon skeletons
  A salamander (shapeshifter) (Elf:1)
  An apis zombie (Crypt:3)
  11 moths of wrath
  18 frost giant skeletons
  6 stone giant skeletons
  8 fire giant skeletons
  73 rust devils
  15 dire elephant zombies
  27 spiny frogs
  19 elephants
  14 guardian serpents
  31 black mambas
  22 naga magi
  The ghost of Northaan the Skirmisher, a novice MfFi of Okawaru (D:5)
  A black mamba (shapeshifter) (Depths:4)
  22 molten gargoyles
  7 shock serpent zombies
  An ice statue (Hell)
  9 apocalypse crabs
  5 titan simulacra
  3 shock serpent skeletons
  75 smoke demons
  8 gargoyles
  17 spectral swamp worms
  A red draconian zombie (Crypt:1)
  5 eyes of devastation
  7 dire elephant skeletons
  A spiny frog (shapeshifter) (Depths:2)
  21 orange demons
  8 emperor scorpion zombies
  58 hellions
  A torpor snail (Lair:8)
  14 vault sentinels
  A komodo dragon (shapeshifter) (Depths:1)
  5 storm dragon simulacra
  5 rime drakes
  4 catoblepas zombies
  11 efreet
  14 demonic crawlers
  2 kobold demonologists
  68 yaktaurs
  3 komodo dragons
  75 tormentors
  An anaconda simulacrum (Coc:1)
  39 hydra zombies
  4 tengu conjurers
  75 freezing wraiths
  A golden dragon simulacrum (Crypt:2)
  20 hellwings
  11 ancient zymes
  A red draconian skeleton (Coc:6)
  A jumping spider (Depths:4)
  62 red devils
  6 silent spectres
  8 trolls
  63 ice devils
  2 catoblepas skeletons
  10 guardian mummies
  9 giant leeches
  A blink frog (shapeshifter) (Depths:2)
  20 two-headed ogres
  A queen bee (shapeshifter) (Depths:1)
  A wolf spider simulacrum (Coc:7)
  A jumping spider (shapeshifter) (Vaults:4)
  12 bog bodies
  9 boulder beetles
  6 harpy zombies
  An iron dragon simulacrum (Coc:2)
  11 raiju
  117 slime creatures
  5 blink frogs (Lair:7)
  6 harpy skeletons
  13 ettin zombies
  13 fire dragon zombies
  19 hydra skeletons
  18 alligator zombies
  A raiju (shapeshifter) (Vaults:2)
  A human simulacrum (Vaults:4)
  13 ice dragon zombies
  2 frost giant simulacra
  18 ettin skeletons
  A fire giant simulacrum (Crypt:3)
  A stone giant simulacrum (Coc:6)
  Sigmund (D:4)
  7 air elementals
  A centaur simulacrum (D:15)
  2 ushabtiu (Crypt:3)
  4 spriggan skeletons
  58 wraiths
  7 alligator skeletons
  182 flying skulls
  3 wyverns
  62 shadows
  30 ynoxinuls
  15 redbacks
  A yak (shapeshifter) (Depths:4)
  A spriggan (shapeshifter) (Elf:1)
  7 fire dragon skeletons
  A tarantella (Depths:4)
  2 vampires
  5 black mamba zombies
  9 spriggans
  17 water elementals
  15 ice dragon skeletons
  A hill giant zombie (Crypt:2)
  2 hogs (Lair:8)
  89 yaks
  31 fire elementals
  5 basilisks
  7 black mamba skeletons
  5 fire bats
  A golden eye (shapeshifter) (Depths:3)
  2 humans (shapeshifter)
  48 chaos spawn
  80 large abominations
  10 hippogriffs
  A steam dragon (D:7)
  11 golden eyes
  8 spatial vortices
  18 vampire mosquitoes
  25 neqoxecs
  A mottled dragon (Vaults:2)
  Edmund (D:6)
  A merfolk zombie (Dis:5)
  11 hungry ghosts
  6 wargs
  18 insubstantial wisps
  A deep troll zombie (Crypt:3)
  A gelid demonspawn zombie (Crypt:2)
  54 nagas
  23 swamp worms
  An infernal demonspawn zombie (Coc:7)
  2 monstrous demonspawn zombies
  18 spiny frog zombies
  161 hell hounds
  A minotaur simulacrum (Tar:4)
  A soldier ant (D:12)
  7 hydra simulacra
  12 porcupines
  15 water moccasins
  5 spiny frog skeletons
  2 putrid demonspawn skeletons
  2 giant eyeballs
  A giant eyeball (shapeshifter) (Vaults:5)
  A merfolk skeleton (Geh:7)
  11 swamp drakes
  6 sky beasts
  20 ice beasts
  An alligator simulacrum (Coc:2)
  2 ice dragon simulacra
  A manticore zombie (Geh:3)
  43 orc warriors
  3 swamp dragon zombies
  2 deep troll skeletons
  A fire dragon simulacrum (Coc:2)
  16 wasps
  18 phantoms
  14 snapping turtle zombies
  81 starcursed masses
  A wolf (Lair:4)
  3 black bears
  51 necrophages
  An elephant skeleton (Crypt:1)
  57 ogres
  8 eyes of draining
  5 manticore skeletons
  7 snapping turtle skeletons
  The ghost of buf2 the Bolt Thrower, an amateur HuHu (D:3)
  A centaur (shapeshifter) (Depths:4)
  33 centaurs
  A rime drake zombie (Crypt:1)
  15 crocodiles
  6 big kobolds
  3 elf zombies
  37 small abominations
  27 giant frogs
  A torturous demonspawn simulacrum (Coc:7)
  A water moccasin zombie (D:5)
  An earth elemental (Elf:1)
  3 spiny frog simulacra
  An elf skeleton (Coc:4)
  A salamander skeleton (Crypt:2)
  4 spriggan zombies
  2 wyvern skeletons
  A water moccasin skeleton (D:5)
  12 killer bees (D:10)
  9 scorpions
  A snapping turtle simulacrum (Coc:5)
  A yak skeleton (Crypt:3)
  4 troll zombies
  158 wights
  A wolf zombie (Crypt:3)
  4 howler monkeys (D:10)
  3 centaur zombies
  12 crimson imps
  8 human zombies
  4 quasits
  7 hounds
  46 iron imps
  44 jellies
  3 giant frog zombies
  24 orc priests
  8 human skeletons
  8 centaur skeletons
  7 iguanas
  A black bear skeleton (Crypt:3)
  19 orc wizards
  8 worker ants
  12 hell rats
  16 sheep
  2 naga zombies
  5 ogre zombies
  A sky beast zombie (Crypt:2)
  4 tengu skeletons
  A mottled dragon skeleton (Crypt:2)
  An ogre skeleton (Abyss:4)
  A crocodile skeleton (Crypt:3)
  19 mummies
  A howler monkey zombie (D:6)
  A scorpion zombie (Crypt:3)
  A steam dragon zombie (Crypt:1)
  16 adders
  84 river rats
  20 shadow imps
  22 white imps
  4 ufetubi
  19 oozes
  An adder zombie (D:7)
  An adder skeleton (D:6)
  8 worms
  6 dart slugs
  9 giant geckos
  112 orcs
  17 bats
  13 giant cockroaches
  10 hobgoblins
  13 jackals
  25 kobolds
  A quokka (D:7)
  2 ball pythons
  7 giant newts
  10 goblins
  A kobold zombie (Crypt:3)
  2 orc skeletons
  2 quokka skeletons
  15 rats
  A bush (Abyss:4)
  A demonic plant (Abyss:4)
  4 fire vortices
  3 fungi
  A lurking horror (Abyss:4)
  3 plants
  4 starspawn tentacles
  8 tentacles
  A tentacle segment (Coc:2)
6721 creatures vanquished.

Vanquished Creatures (others)
  2 eldritch tentacles
  A tentacled starspawn (Abyss:4)
  2 fire giants
  2 draconian scorchers
  A salamander stormcaller (Vaults:4)
  A blizzard demon (Coc:4)
  A deep elf high priest (Elf:3)
  An ice dragon (Depths:3)
  A hydra (D:11)
  A hell hog (Geh:3)
  A torturous demonspawn (Pan)
  A vault sentinel (Vaults:4)
  A drowned soul (Abyss:4)
  A tormentor (Abyss:4)
  A boulder beetle (Abyss:4)
  A flying skull (Geh:4)
  A black mamba zombie (Geh:7)
  An ettin skeleton (Geh:7)
  A water elemental (Coc:1)
  A shadow (Geh:3)
  3 wraiths
  2 humans (Lair:8)
  A chaos spawn (Pan)
  2 hell hounds
  An ogre (Vaults:4)
  A necrophage (Tar:4)
  A crocodile (Lair:8)
  2 wights
  2 starcursed masses (Abyss:4)
  An orc priest (Vaults:1)
  2 iron imps
  2 hell rats (Hell)
  An orc (Vaults:5)
  225 eldritch tentacle segments
  A fire vortex (Geh:4)
  18 fungi
  3 lost souls
  2 lurking horrors (Abyss:4)
  9 plants
  27 starspawn tentacles
  114 starspawn tentacle segments
  34 tentacles
  516 tentacle segments
993 creatures vanquished.

Grand Total: 7714 creatures vanquished

Notes
Turn   | Place    | Note
--------------------------------------------------------------
     0 | D:1      | Shtopit the Centaur Fighter began the quest for the Orb.
     0 | D:1      | Reached XP level 1. HP: 19/19 MP: 1/1
   324 | D:1      | Reached XP level 2. HP: 23/26 MP: 2/2
   812 | D:1      | Reached XP level 3. HP: 24/31 MP: 3/3
  1090 | D:1      | You fall through a shaft!
  1681 | D:2      | Found an oddly glowing altar of Pakellas.
  1760 | D:2      | Reached XP level 4. HP: 34/38 MP: 4/4
  3126 | D:3      | Noticed buf2's ghost (amateur HuHu)
  3151 | D:3      | Killed buf2's ghost
  3151 | D:3      | Reached skill level 1 in Dodging
  3151 | D:3      | Reached XP level 5. HP: 9/46 MP: 5/5
  4168 | D:3      | Reached XP level 6. HP: 47/52 MP: 6/6
  4626 | D:4      | Noticed Sigmund
  4649 | D:4      | Reached skill level 1 in Throwing
  4866 | D:4      | Killed Sigmund
  4866 | D:4      | Reached XP level 7. HP: 60/60 MP: 7/7
  5842 | D:5      | Entered Level 5 of the Dungeon
  5866 | D:5      | Found a staircase to the Ecumenical Temple.
  5883 | Temple   | Entered the Ecumenical Temple
  5914 | Temple   | Became a worshipper of the Shining One
  5975 | D:5      | Noticed Northaan's ghost (novice MfFi)
  6365 | D:5      | Noticed a steam dragon
  7441 | D:5      | Found a bloodstained altar of Trog.
  7441 | D:5      | Found a stormy altar of Qazlal.
  7442 | D:5      | Found a glowing silver altar of Zin.
  7691 | D:5      | Reached XP level 8. HP: 27/67 MP: 8/8
  7989 | D:5      | Killed Northaan's ghost
  7989 | D:5      | Reached skill level 5 in Fighting
  8212 | D:5      | Found Wokhluny's Gadget Shop.
  8227 | D:5      | Bought a wand of lightning (7/15) for 154 gold pieces
  8303 | D:5      | Reached * piety under the Shining One
  8460 | D:6      | Noticed Edmund
  8497 | D:6      | Killed Edmund
  8497 | D:6      | Reached skill level 5 in Armour
  9376 | D:6      | Reached XP level 9. HP: 74/75 MP: 9/9
  9847 | D:7      | Reached skill level 5 in Long Blades
 10475 | D:7      | Found a deep blue altar of Sif Muna.
 10482 | D:7      | Found a radiant altar of Vehumet.
 11442 | D:8      | Found a blossoming altar of Fedhas.
 12138 | D:8      | Reached ** piety under the Shining One
 13037 | D:8      | Reached skill level 5 in Shields
 13832 | D:8      | Reached XP level 10. HP: 84/84 MP: 10/10
 13908 | D:9      | Found a staircase to the Orcish Mines.
 15490 | D:9      | Reached *** piety under the Shining One
 15547 | D:9      | Found a basalt altar of Yredelemnul.
 16205 | D:9      | Found a staircase to the Lair.
 17099 | D:10     | Entered Level 10 of the Dungeon
 17473 | D:10     | Got a shimmering ring mail
 17498 | D:10     | Reached **** piety under the Shining One
 17873 | D:10     | Noticed Fannar
 17916 | D:10     | Killed Fannar
 17916 | D:10     | Reached XP level 11. HP: 31/94 MP: 11/11
 18884 | D:11     | Identified the cursed +0 ring mail of Wacvew {+Blink rElec Regen+} (You found it on level 10 of the Dungeon)
 19048 | D:11     | Noticed a red ugly thing
 19277 | D:10     | Noticed a hill giant
 19375 | D:10     | Killed a hill giant
 20225 | D:11     | Got a bronze plate armour
 20240 | D:11     | Identified the +13 plate armour "Giwimp" {rF- Str+4 Int+4 SInv} (You found it on level 11 of the Dungeon)
 20972 | D:11     | Noticed an unseen horror
 21409 | D:11     | Found an ancient bone altar of Kikubaaqudgha.
 21519 | D:11     | Noticed a hill giant
 21534 | D:11     | Killed a hill giant
 21768 | D:11     | Noticed a two-headed hydra
 21785 | D:11     | Killed a two-headed hydra
 21890 | D:12     | Found Leck's Book Shoppe.
 21906 | D:12     | Found Zotorykh's Armour Boutique.
 21923 | D:12     | Noticed an obsidian statue
 22035 | D:11     | Reached skill level 1 in Stealth
 22336 | D:12     | Reached ***** piety under the Shining One
 22336 | D:12     | Reached XP level 12. HP: 102/103 MP: 12/12
 22374 | D:12     | Found Kotzemi's Gadget Boutique.
 22392 | D:12     | Found Duthu's Weapon Shop.
 22492 | D:12     | Found Itweceg's Antique Weapon Shop.
 23255 | D:12     | Gained mutation: You are partially covered in rugged brown scales (AC +1, +3% HP). [potion of beneficial mutation]
 23323 | D:12     | Identified the Disquisition on Hurtful Beguiling
 23589 | D:13     | Noticed a catoblepas
 23603 | D:13     | Noticed a yaktaur captain
 23782 | Lair:1   | Entered Level 1 of the Lair of Beasts
 23782 | Lair:1   | Noticed Urug
 23854 | Lair:1   | Killed Urug
 24527 | Lair:1   | Reached skill level 10 in Long Blades
 25538 | Lair:2   | Identified the Tome of Lucky Contamination (You found it on level 2 of the Lair of Beasts)
 26166 | D:11     | Noticed a six-headed hydra
 26181 | D:11     | Killed a six-headed hydra
 26226 | D:12     | Bought a double sword for 480 gold pieces
 27208 | Lair:3   | Reached XP level 13. HP: 42/115 MP: 13/13
 27866 | Lair:4   | Reached skill level 10 in Fighting
 28548 | Lair:4   | Identified a scroll of acquirement
 28762 | Lair:4   | Found a staircase to the Snake Pit.
 28891 | Lair:4   | Found a staircase to the Swamp.
 29234 | Lair:5   | Noticed Northaan's ghost (journeyman MfGl)
 29235 | Lair:5   | Noticed Maud
 29266 | Lair:4   | Killed Maud
 29333 | Lair:5   | Killed Northaan's ghost
 30053 | Lair:5   | Reached ****** piety under the Shining One
 30893 | Lair:6   | You fall through a shaft for 2 floors!
 30893 | Lair:8   | Entered Level 8 of the Lair of Beasts
 30950 | Lair:8   | Reached XP level 14. HP: 95/127 MP: 14/14
 31902 | Lair:8   | Found a staircase to the Slime Pits.
 32073 | Lair:8   | Noticed Kirke
 32197 | Lair:8   | Killed Kirke
 32273 | Lair:8   | Reached skill level 10 in Shields
 32761 | Lair:7   | Noticed Rupert
 32763 | Lair:7   | Paralysed by Rupert for 7 turns
 32813 | Lair:7   | Killed Rupert
 32874 | Lair:7   | Found a dark tunnel.
 32892 | Volcano  | Entered a volcano
 33187 | Volcano  | Found a radiant altar of Vehumet.
 33327 | Volcano  | Reached skill level 1 in Crossbows
 33729 | Lair:7   | Reached XP level 15. HP: 105/135 MP: 15/15
 34106 | Lair:7   | Got a twisted cloak
 34107 | Lair:7   | Identified the +5 cloak of Idealism {+Blink rC+ Str+3 Slay+3} (You found it on level 7 of the Lair of Beasts)
 34640 | Lair:6   | Got an ichor-stained long sword
 34641 | Lair:6   | Identified the +5 long sword of Pusiarah {antimagic, rPois rF+} (You found it on level 6 of the Lair of Beasts)
 34902 | Lair:6   | Reached skill level 10 in Armour
 35180 | Swamp:1  | Entered Level 1 of the Swamp
 35398 | Swamp:1  | Noticed a thorn hunter
 35408 | Swamp:1  | Killed a thorn hunter
 36251 | Swamp:2  | Reached skill level 5 in Dodging
 37053 | Swamp:3  | Noticed Jorgrun
 37071 | Swamp:3  | Killed Jorgrun
 37373 | Swamp:3  | Noticed a thorn hunter
 37384 | Swamp:3  | Killed a thorn hunter
 38482 | Swamp:4  | Entered Level 4 of the Swamp
 38721 | Swamp:4  | Reached XP level 16. HP: 120/145 MP: 6/16
 38724 | Swamp:4  | Noticed a thorn hunter
 38732 | Swamp:4  | Noticed Aizul
 39201 | Swamp:4  | Killed a thorn hunter
 39410 | Swamp:4  | Killed Aizul
 39602 | Swamp:4  | Got a decaying rune of Zot
 40112 | Snake:1  | Entered Level 1 of the Snake Pit
 40831 | Snake:1  | Found Zuoterua's Food Shoppe.
 41354 | Snake:2  | Noticed Vashnia
 41391 | Snake:2  | Killed Vashnia
 41391 | Snake:2  | Reached skill level 15 in Long Blades
 41743 | Snake:2  | Noticed Agnes
 41792 | Snake:1  | Killed Agnes
 42345 | Snake:2  | Found Umaehuow's Distillery.
 42353 | Snake:2  | Bought a potion of curing for 48 gold pieces
 42353 | Snake:2  | Bought a potion of curing for 48 gold pieces
 42353 | Snake:2  | Bought a potion of heal wounds for 80 gold pieces
 42353 | Snake:2  | Bought a potion of heal wounds for 80 gold pieces
 42568 | Snake:3  | Noticed Norris
 42570 | Snake:3  | Paralysed by Norris for 3 turns
 42582 | Snake:3  | Killed Norris
 42726 | Snake:3  | Found Qibaesa's Book Shop.
 43056 | Snake:3  | Reached XP level 17. HP: 135/154 MP: 5/17
 43881 | Snake:4  | Entered Level 4 of the Snake Pit
 44414 | Snake:4  | Noticed Roxanne
 46090 | Snake:4  | Gained mutation: Your mind is acute. (Int +2) [potion of beneficial mutation]
 46491 | Snake:4  | Got a bloodstained great sword {flame}
 47092 | Snake:4  | Reached XP level 18. HP: 164/164 MP: 6/18
 47403 | Snake:4  | Got a serpentine rune of Zot
 47850 | Temple   | Learned a level 2 spell: Slow
 47854 | Temple   | Learned a level 3 spell: Spectral Weapon
 47858 | Temple   | Learned a level 3 spell: Gell's Gravitas
 47863 | Temple   | Learned a level 4 spell: Cause Fear
 47869 | Temple   | Learned a level 5 spell: Silence
 48110 | D:13     | Identified a +6 double sword of holy wrath (a +4 double sword blessed by the Shining One)
 48110 | D:13     | Received a gift from the Shining One
 48174 | D:13     | Got an encrusted chain mail
 48175 | D:13     | Identified the cursed +1 chain mail "Idirakh" {Regen+ MP+9 Stlth+} (You found it on level 13 of the Dungeon)
 48869 | D:13     | Found a gate to the Vaults.
 48913 | Vaults:1 | Entered Level 1 of the Vaults
 49369 | Vaults:1 | Found Gurokhleu's Food Shoppe.
 49842 | Vaults:1 | Found Teoxzoplasch's Antique Armour Shoppe.
 50876 | Vaults:2 | Reached skill level 15 in Fighting
 50922 | Vaults:2 | Reached XP level 19. HP: 98/175 MP: 19/19
 51315 | Vaults:2 | Found a staircase to the Crypt.
 51315 | Vaults:2 | Found a basalt altar of Yredelemnul.
 51383 | Vaults:2 | Found an ancient bone altar of Kikubaaqudgha.
 52001 | Vaults:3 | Noticed Boris
 52011 | Vaults:3 | Killed Boris
 52294 | Vaults:3 | Reached skill level 1 in Invocations
 53080 | Orc:1    | Entered Level 1 of the Orcish Mines
 53094 | Orc:1    | Noticed Josephine
 53105 | Orc:1    | Killed Josephine
 53333 | Orc:2    | Entered Level 2 of the Orcish Mines
 53522 | Orc:2    | Found a staircase to the Elven Halls.
 53775 | Orc:2    | Noticed Donald
 53782 | Orc:2    | Killed Donald
 54316 | Orc:2    | Found Vyseiji's Book Shoppe.
 54316 | Orc:2    | Found Dicoi's Weapon Boutique.
 54318 | Orc:2    | Found Heqigouz's Food Shoppe.
 54318 | Orc:2    | Found Amairet's Distillery.
 54489 | Elf:1    | Entered Level 1 of the Elven Halls
 55650 | Elf:2    | Reached XP level 20. HP: 185/185 MP: 23/23
 55997 | Elf:2    | Found a runed gate.
 55997 | Elf:2    | Found a runed gate.
 55999 | Elf:2    | Found a runed gate.
 56260 | Elf:2    | Reached skill level 5 in Invocations
 56933 | Elf:3    | Entered Level 3 of the Elven Halls
 57204 | Elf:3    | Reached skill level 15 in Shields
 57701 | Elf:3    | Cast into level 3 of the Abyss (a deep elf sorcerer)
 57972 | Elf:3    | Escaped the Abyss
 58792 | Elf:3    | Cast into level 4 of the Abyss (a deep elf sorcerer)
 58923 | Abyss:4  | Noticed a bone dragon
 58937 | Abyss:4  | Got an ancient hand crossbow
 58959 | Abyss:4  | Killed a bone dragon
 59051 | Abyss:4  | Reached XP level 21. HP: 176/194 MP: 26/26
 59188 | Elf:3    | Escaped the Abyss
 59503 | Elf:3    | Identified the +5 hand crossbow of the Scroll {freeze, rPois rC+ Str+2} (You found it on level 4 of the Abyss)
 59522 | Elf:3    | Got a smoking bronze amulet
 59523 | Elf:3    | Identified the amulet of Zuopeith {Faith rElec Str+5 Int-3} (You took it off a deep elf elementalist on level 3 of the Elven Halls)
 60239 | Elf:3    | Learned a level 1 spell: Apportation
 60266 | Elf:3    | Got a scorched bronze amulet
 60267 | Elf:3    | Identified the amulet "Ablant" {+Rage rPois Int+4} (You found it on level 3 of the Elven Halls)
 60486 | Elf:3    | Got a glittering tin amulet
 60487 | Elf:3    | Identified the amulet of the Rabble {Faith *Contam +Blink rElec Slay+4} (You found it on level 3 of the Elven Halls)
 60688 | Elf:3    | Got a slimy ring mail
 60689 | Elf:3    | Identified the +4 ring mail of Seucrot {Stlth+} (You took it off a deep elf high priest on level 3 of the Elven Halls)
 60712 | Elf:3    | Gained mutation: You have a pair of small antennae on your head. [potion of mutation]
 60712 | Elf:3    | Gained mutation: Scrolls take you a little longer to read. [potion of mutation]
 62519 | Vaults:4 | Reached skill level 10 in Invocations
 63970 | Vaults:4 | Got a distressingly furry plate armour
 63973 | Vaults:4 | Identified the cursed +0 plate armour "Oboggiwki" {rC- rN+ MR++ Stlth+} (You found it on level 4 of the Vaults)
 64724 | Crypt:1  | Entered Level 1 of the Crypt
 64829 | Crypt:1  | Reached XP level 22. HP: 204/204 MP: 30/30
 66473 | Crypt:3  | Entered Level 3 of the Crypt
 66893 | Crypt:3  | Found a staircase to the Tomb.
 67131 | Crypt:3  | Noticed a curse toe
 67143 | Crypt:3  | Killed a curse toe
 67216 | Crypt:3  | Reached XP level 23. HP: 153/214 MP: 33/33
 67308 | Crypt:3  | Found a basalt altar of Yredelemnul.
 67311 | Crypt:3  | Found an ancient bone altar of Kikubaaqudgha.
 67863 | Crypt:3  | Got a bound marble ring
 67863 | Crypt:3  | Got a bound pewter ring
 67866 | Crypt:3  | Identified the ring of Autotheism {rElec rC+ rN+ Str-5 Dex+6} (You found it on level 3 of the Crypt)
 67868 | Crypt:3  | Identified the ring "Kafoekh" {rN+ Int+2 Dex+2} (You found it on level 3 of the Crypt)
 68254 | Vaults:5 | Entered Level 5 of the Vaults
 68734 | Vaults:4 | Reached skill level 1 in Evocations
 69231 | Vaults:5 | Reached skill level 15 in Invocations
 71428 | Vaults:4 | HP: 7/216 [fire giant/fireball (38)]
 72208 | Vaults:5 | Reached XP level 24. HP: 133/224 MP: 35/35
 72248 | Vaults:5 | Got a glittering marble ring
 72554 | Vaults:5 | Reached skill level 5 in Evocations
 72585 | Vaults:5 | Got a silver rune of Zot
 73030 | Vaults:5 | Gained mutation: Your system is resistant to poisons. [potion of beneficial mutation]
 73339 | Vaults:5 | Identified the ring "Qoill" {rF+ rC+ Str+4 Slay+3} (You took it off a tengu reaver on level 5 of the Vaults)
 73991 | Tomb:1   | Entered Level 1 of the Tomb of the Ancients
 74270 | Tomb:1   | Noticed a greater mummy
 74276 | Tomb:1   | Killed a greater mummy
 74778 | Tomb:1   | Noticed Mennas
 74838 | Tomb:1   | Killed Mennas
 75162 | Tomb:1   | Noticed a greater mummy
 75168 | Tomb:1   | Killed a greater mummy
 75769 | Tomb:1   | Noticed a greater mummy
 75789 | Tomb:1   | Killed a greater mummy
 76537 | D:14     | Found Naulin's Antique Armour Emporium.
 76553 | D:14     | Found a bloodstained altar of Trog.
 77235 | D:15     | Entered Level 15 of the Dungeon
 77268 | D:15     | Found Mymit's Armour Shoppe.
 77346 | D:15     | Found a labyrinth entrance.
 77370 | Lab      | Entered a labyrinth
 77866 | D:15     | Learned a level 3 spell: Tukima's Dance
 78198 | D:15     | Found a staircase to the Depths.
 78465 | D:15     | Noticed manyhoops's ghost (adept OgBe)
 78475 | D:15     | Killed manyhoops's ghost
 78626 | Depths:1 | Entered Level 1 of the Depths
 78639 | Depths:1 | Noticed Nikola
 78665 | Depths:1 | Killed Nikola
 78731 | Depths:1 | Found a one-way gate leading to the halls of Pandemonium.
 79215 | Depths:1 | Reached XP level 25. HP: 220/225 MP: 34/35
 79618 | Depths:1 | Got an iridescent hand crossbow
 79621 | Depths:1 | Identified the cursed +1 hand crossbow "Nuyqoet" {penet, rC- Str+4} (You found it on level 1 of the Depths)
 79748 | Depths:1 | Found a gateway to Hell.
 79761 | Hell     | Entered the Vestibule of Hell
 79761 | Hell     | Noticed Geryon
 80404 | Depths:2 | Found a one-way gate to the infinite horrors of the Abyss.
 80431 | Depths:2 | Found a deep blue altar of Sif Muna.
 80448 | Depths:2 | Voluntarily entered the Abyss.
 80668 | Abyss:1  | Found a corrupted altar of Lugonu.
 80743 | Abyss:2  | Found a corrupted altar of Lugonu.
 80829 | Abyss:2  | Identified Further Steps in Spellcraft
 81315 | Abyss:2  | Gained mutation: Your magical capacity is low (-10% MP). [a neqoxec]
 81562 | Abyss:3  | Found a corrupted altar of Lugonu.
 81604 | Abyss:3  | Found a corrupted altar of Lugonu.
 82341 | Abyss:4  | Paralysed by accursed screaming for 1 turns
 82725 | Abyss:4  | Gained mutation: You expend magic power (3 MP) to strengthen your wands. [a neqoxec]
 82766 | Abyss:4  | Paralysed by accursed screaming for 2 turns
 82795 | Abyss:4  | Gained mutation: You are frail (-10% HP). [a neqoxec]
 82919 | Abyss:4  | Paralysed by accursed screaming for 2 turns
 82923 | Abyss:4  | Paralysed by accursed screaming for 2 turns
 82930 | Abyss:4  | Paralysed by accursed screaming for 2 turns
 83139 | Abyss:4  | Reached XP level 26. HP: 71/220 MP: 32/32
 83693 | Abyss:4  | Got an abyssal rune of Zot
 83933 | Depths:2 | Escaped the Abyss
 83965 | Depths:2 | Noticed Asterion
 83976 | Depths:2 | Killed Asterion
 84311 | Depths:2 | Found a white marble altar of Elyvilon.
 84312 | Depths:2 | Found a white marble altar of Elyvilon.
 84672 | Depths:2 | Reached skill level 10 in Evocations
 85013 | Depths:2 | Got a brightly glowing jade ring
 85016 | Depths:2 | Identified the ring of Soixta {rF+ MP+9 Str+3 Dex+4} (You took it off a tengu conjurer on level 2 of the Depths)
 85133 | Depths:2 | Noticed a juggernaut
 85140 | Depths:2 | Paralysed by a giant eyeball for 3 turns
 85148 | Depths:2 | Killed a juggernaut
 86329 | Depths:3 | Found Toocacs's Jewellery Shoppe.
 86683 | Depths:3 | Bought an uncursed ring of resist corrosion for 340 gold pieces
 87450 | Slime:1  | Entered Level 1 of the Pits of Slime
 87470 | Slime:1  | Gained mutation: You are very frail (-20% HP). [a shining eye]
 87472 | Slime:1  | Gained mutation: You tend to lose your temper in combat. [a shining eye]
 87918 | Slime:1  | Gained mutation: Scrolls take you longer to read. [a shining eye]
 87924 | Slime:1  | Gained mutation: Your spells are a little easier to cast, but a little less powerful. [a shining eye]
 87947 | Slime:1  | Reached XP level 27. HP: 204/204 MP: 32/32
 88297 | Slime:1  | Gained mutation: Scrolls take you much longer to read. [a shining eye]
 88297 | Slime:1  | Gained mutation: You are extremely frail (-30% HP). [a shining eye]
 88478 | Slime:4  | Noticed Dissolution
 88485 | Slime:3  | Killed Dissolution
 88588 | Slime:4  | Lost mutation: Your mind is acute. (Int +2) [a shining eye]
 88591 | Slime:4  | Found a viscous altar of Jiyva.
 88786 | Slime:6  | Entered Level 6 of the Pits of Slime
 88957 | Slime:6  | Gained mutation: You are weak. (Str -2) [a shining eye]
 88959 | Slime:6  | Gained mutation: You regenerate slowly when monsters are visible. [a shining eye]
 88963 | Slime:6  | Gained mutation: You are occasionally teleported next to monsters. [a shining eye]
 89062 | Slime:6  | Gained mutation: Your body sometimes deteriorates upon taking damage. [a shining eye]
 89240 | Slime:6  | Gained mutation: You are clumsy. (Dex -2) [a shining eye]
 89313 | Slime:6  | Noticed the Royal Jelly
 90282 | Slime:6  | Killed the Royal Jelly
 90308 | Slime:4  | Lost mutation: Your magical capacity is low (-10% MP). [potion of cure mutation]
 90308 | Slime:4  | Lost mutation: You are extremely frail (-30% HP). [potion of cure mutation]
 90308 | Slime:4  | Lost mutation: Your body sometimes deteriorates upon taking damage. [potion of cure mutation]
 90308 | Slime:4  | Lost mutation: You expend magic power (3 MP) to strengthen your wands. [potion of cure mutation]
 90308 | Slime:4  | Lost mutation: Scrolls take you much longer to read. [potion of cure mutation]
 90308 | Slime:4  | Lost mutation: Scrolls take you longer to read. [potion of cure mutation]
 90309 | Slime:4  | Lost mutation: Scrolls take you a little longer to read. [potion of cure mutation]
 90309 | Slime:4  | Lost mutation: You are very frail (-20% HP). [potion of cure mutation]
 90309 | Slime:4  | Lost mutation: You are frail (-10% HP). [potion of cure mutation]
 90310 | Slime:4  | Lost mutation: You are occasionally teleported next to monsters. [potion of cure mutation]
 90310 | Slime:4  | Lost mutation: You regenerate slowly when monsters are visible. [potion of cure mutation]
 90310 | Slime:4  | Lost mutation: You are weak. (Str -2) [potion of cure mutation]
 90310 | Slime:4  | Lost mutation: You are clumsy. (Dex -2) [potion of cure mutation]
 90310 | Slime:4  | Lost mutation: You tend to lose your temper in combat. [potion of cure mutation]
 91188 | Slime:5  | Gained mutation: You are dopey. (Int -2) [a shining eye]
 91337 | Slime:6  | Got a slimy rune of Zot
 91345 | Slime:6  | Got a slimy centaur barding
 91346 | Slime:6  | Identified the +2 centaur barding of Apathy {+Fly rCorr Dex-5} (You acquired it on level 6 of the Pits of Slime)
 91355 | Slime:6  | Got a steaming pewter ring
 91356 | Slime:6  | Identified the ring of Zaviz {rC- rN++ MP+9 Int+4} (You found it on level 6 of the Pits of Slime)
 92281 | Hell     | Killed Geryon
 92633 | Hell     | Found a gateway to the Iron City of Dis.
 92700 | Hell     | Found a gateway to the freezing wastes of Cocytus.
 92747 | Coc:1    | Entered Level 1 of Cocytus
 98181 | Coc:5    | Gained mutation: You are frail (-10% HP). [mutagenic glow]
100499 | Coc:7    | Entered Level 7 of Cocytus
101648 | Coc:7    | Noticed Antaeus
101679 | Coc:7    | Killed Antaeus
102243 | Coc:7    | Got an icy rune of Zot
102837 | Hell     | Found a gateway to the decaying netherworld of Tartarus.
102965 | Hell     | Found a gateway to the ashen valley of Gehenna.
103066 | Dis:1    | Entered Level 1 of the Iron City of Dis
104366 | Dis:2    | Identified a +5 rod of clouds (10/10) (You found it on level 7 of Cocytus)
104559 | Dis:2    | Reached skill level 15 in Evocations
104587 | Dis:2    | Gained mutation: You are weak. (Str -2) [mutagenic glow]
104883 | Dis:2    | Reached skill level 27 in Long Blades
107802 | Dis:4    | Reached skill level 5 in Crossbows
111326 | Dis:7    | Entered Level 7 of the Iron City of Dis
112746 | Dis:7    | Reached skill level 15 in Armour
112998 | Dis:7    | Noticed Kilrog's ghost (legendary GrFi)
113048 | Dis:7    | Killed Kilrog's ghost
114633 | Dis:7    | Noticed Dispater
114670 | Dis:7    | Killed Dispater
114767 | Dis:7    | Got an iron rune of Zot
114792 | Dis:7    | Identified the Disquisition on Spatial Shape Shifting (You found it on level 7 of the Iron City of Dis)
114794 | Dis:7    | Got a scorched pewter amulet
114795 | Dis:7    | Identified the amulet "Qesyir" {Dismiss Str+4 Dex+4} (You found it on level 7 of the Iron City of Dis)
115232 | Tar:1    | Entered Level 1 of Tartarus
117807 | Tar:2    | Gained mutation: You are very weak. (Str -4) [mutagenic glow]
119388 | Tar:4    | Reached skill level 27 in Fighting
119714 | Tar:4    | Gained mutation: Potions and wands are less effective at restoring your health. [mutagenic glow]
120892 | Tar:5    | Noticed an ancient lich
120894 | Tar:5    | Gained mutation: Your spells are easier to cast, but less powerful. [mutagenic glow]
120904 | Tar:5    | Killed an ancient lich
121288 | Tar:5    | You fall through a shaft!
122203 | Tar:7    | Entered Level 7 of Tartarus
122986 | Tar:7    | Reached skill level 10 in Dodging
123659 | Tar:7    | Noticed the Serpent of Hell
123680 | Tar:7    | Killed the Serpent of Hell
124003 | Tar:7    | Identified Gisusch's Collected Works on Scorching Enhancements
124014 | Tar:7    | Identified Ecryi's Handbook of Air and the Traveller
124018 | Tar:7    | Learned a level 2 spell: Repel Missiles
124021 | Tar:7    | Learned a level 2 spell: Swiftness
124123 | Tar:7    | Identified Jacyesku's Guide on Attacks
124570 | Tar:7    | Noticed Ereshkigal
124604 | Tar:7    | Killed Ereshkigal
124629 | Tar:7    | Got a bone rune of Zot
125022 | Hell     | Learned a level 1 spell: Infusion
125935 | Depths:4 | Noticed a juggernaut
125947 | Depths:4 | Killed a juggernaut
126191 | Depths:4 | Found Ynuobloss's Food Emporium.
126198 | Depths:4 | Bought a bread ration for 55 gold pieces
126198 | Depths:4 | Bought a bread ration for 55 gold pieces
126198 | Depths:4 | Bought a meat ration for 55 gold pieces
126198 | Depths:4 | Bought a meat ration for 55 gold pieces
126198 | Depths:4 | Bought a bread ration for 55 gold pieces
126198 | Depths:4 | Bought a meat ration for 55 gold pieces
127095 | Depths:5 | Entered Level 5 of the Depths
127347 | Depths:5 | Got a twisted plate armour
127348 | Depths:5 | Identified the +10 plate armour of the Devil {Regen+} (You acquired it on level 5 of the Depths)
127590 | Depths:5 | Found a gate to the Realm of Zot.
127907 | Depths:5 | Noticed Sojobo
128283 | Depths:5 | Got a brightly glowing chain mail
128284 | Depths:5 | Identified the cursed +0 chain mail "Zosteng" {rPois rC+ MP+9 Int+3} (You found it on level 5 of the Depths)
128567 | Depths:5 | Found Anuyfy's Antique Armour Shoppe.
128581 | Depths:5 | Identified a +6 rod of shadows (13/13) (You found it on level 7 of Tartarus)
128761 | Depths:5 | Cast into level 4 of the Abyss (Sojobo)
128777 | Abyss:4  | Found an ancient bone altar of Kikubaaqudgha.
128802 | Depths:5 | Escaped the Abyss
128806 | Depths:5 | Killed Sojobo
129001 | Geh:1    | Entered Level 1 of Gehenna
129046 | Geh:1    | Gained mutation: Your body sometimes deteriorates upon taking damage. [mutagenic glow]
129785 | Geh:2    | Reached skill level 27 in Shields
134149 | Geh:7    | Entered Level 7 of Gehenna
135135 | Geh:7    | Noticed Asmodeus
135148 | Geh:7    | Killed Asmodeus
135203 | Geh:7    | Got an obsidian rune of Zot
135440 | Zot:1    | Entered Level 1 of the Realm of Zot
136283 | Zot:2    | Lost mutation: Your spells are easier to cast, but less powerful. [potion of cure mutation]
136283 | Zot:2    | Lost mutation: Your body sometimes deteriorates upon taking damage. [potion of cure mutation]
136283 | Zot:2    | Lost mutation: You are dopey. (Int -2) [potion of cure mutation]
136283 | Zot:2    | Lost mutation: Potions and wands are less effective at restoring your health. [potion of cure mutation]
136283 | Zot:2    | Lost mutation: You are frail (-10% HP). [potion of cure mutation]
136283 | Zot:2    | Lost mutation: Your system is resistant to poisons. [potion of cure mutation]
136284 | Zot:2    | Lost mutation: You are very weak. (Str -4) [potion of cure mutation]
136284 | Zot:2    | Lost mutation: Your spells are a little easier to cast, but a little less powerful. [potion of cure mutation]
136284 | Zot:2    | Lost mutation: You are weak. (Str -2) [potion of cure mutation]
136284 | Zot:2    | Lost mutation: You have a pair of small antennae on your head. [potion of cure mutation]
136284 | Zot:2    | Lost mutation: You are partially covered in rugged brown scales (AC +1, +3% HP). [potion of cure mutation]
137511 | Zot:3    | Noticed an orb of fire
137521 | Zot:3    | Gained mutation: You tend to lose your temper in combat. [an orb of fire]
137526 | Zot:3    | Killed an orb of fire
139674 | Pan      | Entered Pandemonium
139696 | Pan      | Got a faintly glowing helmet
139697 | Pan      | Identified the cursed +0 helmet "Ysipiguwk" {MR+ Stlth+} (You found it in Pandemonium)
139751 | Pan      | Gained mutation: You are surrounded by a mild repulsion field (EV +2). [a neqoxec]
139767 | Pan      | Noticed Xineo the pandemonium lord
140561 | Pan      | Found an exit through the horrors of the Abyss.
140891 | Pan      | Killed Xineo the pandemonium lord
140900 | Pan      | Gained mutation: Potions and wands are less effective at restoring your health. [a neqoxec]
141301 | Pan      | Noticed Cykuq the pandemonium lord
141315 | Pan      | Killed Cykuq the pandemonium lord
141424 | Pan      | Found an exit through the horrors of the Abyss.
141780 | Pan      | Found an exit through the horrors of the Abyss.
142146 | Pan      | Noticed Mun Iloishu the pandemonium lord
142175 | Pan      | Killed Mun Iloishu the pandemonium lord
142845 | Pan      | Gained mutation: You have a pair of small horns on your head. [potion of beneficial mutation]
143105 | Pan      | Noticed Boruv the pandemonium lord
143130 | Pan      | Killed Boruv the pandemonium lord
143136 | Pan      | Got a demonic rune of Zot
143153 | Pan      | Found an exit through the horrors of the Abyss.
143599 | Pan      | Got a scorched cloak
143600 | Pan      | Identified the +2 cloak "Vofyzac" {rC- Str+2 Slay+5} (You found it in Pandemonium)
143637 | Pan      | Found an exit through the horrors of the Abyss.
143980 | Pan      | Noticed Sesomyagh the pandemonium lord
143999 | Pan      | Killed Sesomyagh the pandemonium lord
144699 | Pan      | Found a runed door.
144711 | Pan      | Found a runed door.
144724 | Pan      | Found a runed door.
144733 | Pan      | Found an exit through the horrors of the Abyss.
144741 | Pan      | Found a runed door.
144863 | Pan      | Gained mutation: You are clumsy. (Dex -2) [a neqoxec]
145093 | Pan      | Noticed Yqicluas the pandemonium lord
145099 | Pan      | Killed Yqicluas the pandemonium lord
145111 | Pan      | Gained mutation: You are frail (-10% HP). [a neqoxec]
145637 | Pan      | Noticed Tom Aptoshri the pandemonium lord
145646 | Pan      | Killed Tom Aptoshri the pandemonium lord
145847 | Pan      | Gained mutation: Your body sometimes deteriorates upon taking damage. [a cacodemon]
145858 | Pan      | Gained mutation: Your body often deteriorates upon taking damage. [a cacodemon]
146032 | Pan      | Found an exit through the horrors of the Abyss.
146454 | Pan      | Noticed Rudghur the pandemonium lord
146462 | Pan      | Killed Rudghur the pandemonium lord
146511 | Pan      | Found an exit through the horrors of the Abyss.
147167 | Pan      | Gained mutation: Scrolls take you a little longer to read. [a cacodemon]
147315 | Pan      | Found an exit through the horrors of the Abyss.
147433 | Pan      | Noticed Qivaxking the pandemonium lord
147448 | Pan      | Killed Qivaxking the pandemonium lord
148230 | Pan      | Got a fine platinum ring
148232 | Pan      | Got a translucent brass ring
148237 | Pan      | Identified the cursed ring "Taygexej" {rC+ rN++ AC-5} (You found it in Pandemonium)
148239 | Pan      | Identified the ring of Untruth {MP-9 Slay+4 SInv} (You found it in Pandemonium)
148580 | Pan      | Got a coiled turquoise ring
148584 | Pan      | Identified the ring "Qym Zyt" {MP+9 Str-4 Int+5 Dex+10} (You found it in Pandemonium)
148670 | Pan      | Found an exit through the horrors of the Abyss.
149034 | Pan      | Found a glowing silver altar of Zin.
149059 | Pan      | HP: 5/245 [daeva/divine providence (13)]
149062 | Pan      | Slain by a daeva

Skill      XL: |  1  2  3  4  5  6  7  8  9 10 11 12 13 14 15 16 17 18 19 20 21 22 23 24 25 26 27 |
---------------+----------------------------------------------------------------------------------+-----
Long Blades    | 2 3 4 6 7 9 10 12 13 14 15 16 17 18 19 20 21 22 23 27 | 27.0
Armour         | 3 4 5 6 7 8 9 10 11 12 13 25 | 25.4
Dodging        | 1 2 3 4 5 6 7 12 | 12.9
Fighting       | 4 5 6 7 8 9 11 12 13 14 15 16 17 18 19 20 27 | 27.0
Throwing       | 1 2 3 4 |  4.8
Shields        | 3 4 5 6 7 8 9 10 11 12 13 14 15 16 17 18 27 | 27.0
Stealth        | 1 2 |  2.0
Crossbows      | 1 2 6 |  6.5
Invocations    | 4 7 11 14 16 17 18 19 | 19.8
Evocations     | 4 7 9 10 22 | 22.4

Action                   |  1- 3 |  4- 6 |  7- 9 | 10-12 | 13-15 | 16-18 | 19-21 | 22-24 | 25-27 || total
-------------------------+-------+-------+-------+-------+-------+-------+-------+-------+-------++-------
Melee: Long sword        |   162 |   224 |   556 |  1267 |   402 |  1180 |       |    44 |     3 ||  3838
       Kick              |    22 |    48 |   179 |   492 |   643 |   836 |   762 |   906 |  6013 ||  9901
       Double sword      |       |       |       |    92 |  1019 |   485 |  1675 |  1654 | 11823 || 16748
       Scimitar          |       |       |       |    15 |   156 |    53 |       |     1 |       ||   225
       Headbutt          |       |       |       |       |       |       |       |       |   181 ||   181
 Fire: Hand crossbow     |       |       |       |       |     9 |     3 |       |     4 |   146 ||   162
Throw: Javelin           |       |    19 |     6 |       |       |       |       |       |       ||    25
       Stone             |       |     3 |    32 |    18 |       |       |       |       |       ||    53
       Tomahawk          |       |       |    27 |    41 |       |     4 |       |       |       ||    72
Invok: Brand Weapon With |       |       |       |       |       |     1 |       |       |       ||     1
       Divine Shield     |       |       |       |       |       |       |     2 |       |       ||     2
 Abil: Evoke Berserk Rag |       |       |       |       |       |       |       |       |     2 ||     2
       Evoke Blink       |       |       |       |       |       |       |       |       |     2 ||     2
       Evoke Flight      |       |       |       |       |       |       |       |       |     1 ||     1
Evoke: Wand              |       |       |       |     2 |     2 |     1 |       |       |    22 ||    27
       Rod               |       |       |       |       |       |       |       |       |     1 ||     1
       Deck              |       |       |       |       |       |       |       |       |     1 ||     1
  Use: Potion            |       |     1 |       |    12 |     3 |     4 |     5 |     3 |    34 ||    62
       Scroll            |       |     6 |     2 |    16 |    13 |    12 |    14 |    22 |    51 ||   136
 Stab: Petrified         |       |       |       |       |       |     2 |       |       |       ||     2
       Distracted        |       |       |       |       |       |       |       |       |     4 ||     4
       Paralysed         |       |       |       |       |       |       |       |       |     1 ||     1
  Eat: Chunk             |     2 |     9 |    22 |    30 |    26 |    16 |    23 |    15 |    64 ||   207
       Beef jerky        |       |       |     1 |     4 |     2 |       |     3 |     2 |     6 ||    18
       Fruit             |       |       |     1 |     5 |       |     3 |    10 |    21 |    13 ||    53
       Pizza             |       |       |     1 |     1 |       |    10 |       |     1 |     9 ||    22
       Royal jelly       |       |       |       |     1 |     2 |       |     1 |       |     1 ||     5
       Meat ration       |       |       |       |       |       |       |       |     1 |    21 ||    22
Armor: Scale mail        |   103 |   102 |    16 |       |       |       |       |       |       ||   221
       Plate armour      |       |       |   227 |   608 |   534 |   681 |   644 |   822 |  4051 ||  7567
       Ring mail         |       |       |       |    30 |   175 |    63 |       |       |       ||   268
       Gold dragon armou |       |       |       |       |       |       |       |       |   489 ||   489
Dodge: Dodged            |    46 |    51 |   101 |   226 |   289 |   278 |   259 |   266 |  2197 ||  3713
Block: Shield            |    69 |   122 |   268 |   825 |   358 |       |       |       |       ||  1642
       Large shield      |       |       |       |       |   804 |  1653 |  1352 |  1587 | 11801 || 17197
